 Dungeon Crawl Stone Soup version 0.31-a0-640-g39d97e502b (webtiles) character file.

Game seed: 12016409942535729968

79 qw the Shooter (level 4, -6/28 HPs)
             Began as a Gargoyle Hunter on Aug 27, 2023.
             Mangled by Sigmund
             ... wielding a +0 scythe
              (9 damage)
             ... on level 3 of the Dungeon.
             The game lasted 00:00:41 (1484 turns).

qw the Shooter (Gargoyle Hunter)                    Turns: 1484, Time: 00:00:41

Health: -6/28      AC: 11    Str: 14    XL:     4   Next: 38%
Magic:  4/4        EV: 11    Int: 10    God:
Gold:   90         SH:  0    Dex: 15    Spells: 3/3 levels left

rFire   . . .        Y - +1 shortbow
rCold   . . .        (shield currently unavailable)
rNeg    + . .        i - +0 ring mail
rPois   inf          e - +0 helmet
rElec   +            (no cloak)
rCorr   .            j - +0 pair of gloves
SInv    .            (no boots)
Will    .....        (no amulet)
Stlth   +            (no ring)
HPRegen 0.24/turn    (no ring)
MPRegen 0.09/turn

%: no passive effects
@: no status effects
A: sickness immunity, AC +3, negative energy resistance 1, electricity
resistance, torment resistance 1, petrification resistance
a: no special abilities


You were on level 3 of the Dungeon.
You visited 1 branch of the dungeon, and saw 3 of its levels.

You collected 90 gold pieces.


Innate Abilities, Weirdness & Mutations

You are immune to sickness and miasma.
Your stone body is resilient. (AC +3)
You are immune to poison.
You resist negative energy. (rN+)
You are resistant to electric shocks. (rElec)
You are resistant to unholy torment.
You are immune to petrification.


   Skills:
 - Level 3.0 Fighting
 + Level 5.1 Ranged Weapons
 - Level 1.4 Armour
 - Level 1.5 Dodging
 - Level 1.1 Stealth


You had 3 spell levels left.
You didn't know any spells.
Your spell library was empty.

Inventory:

Hand Weapons
 Y - a +1 shortbow (weapon)
Armour
 e - a +0 helmet (worn)
 i - a +0 ring mail (worn)
 j - a +0 pair of gloves (worn)
Jewellery
 l - a ring of positive energy
Scrolls
 f - a scroll of noise {unknown}
 g - a scroll of identify
Potions
 a - a potion of curing {unknown}
 b - a potion of mutation {unknown}
 c - a potion of heal wounds {unknown}
 d - a potion of ambrosia {unknown}
 h - a potion of cancellation
 k - a potion of might

Dungeon Overview and Level Annotations

Branches:
Dungeon (3/15)

Altars:

Annotations:
D:3 3 runed translucent doors, Sigmund; qw's ghost, amateur GrHu


Message History

Sigmund hits you from afar with a +0 scythe.
You shoot an arrow. The arrow hits Sigmund.
Sigmund is heavily wounded.
You shoot an arrow. The arrow hits Sigmund.
Sigmund is severely wounded.
Sigmund closely misses you.
You shoot an arrow. The arrow closely misses Sigmund.
Sigmund closely misses you.
You shoot an arrow. The arrow hits Sigmund.
Sigmund is severely wounded.
Sigmund casts a spell at you.
The magic dart hits you but does no damage.
You shoot an arrow. The arrow barely misses Sigmund.
Sigmund closely misses you.
You shoot an arrow. The arrow hits Sigmund.
Sigmund is severely wounded.
Sigmund casts a spell at you.
You are confused.
Sigmund points at you and mumbles some strange words.
The magic dart hits you. Sigmund barely misses you. Sigmund barely misses you.
You feel less confused. Sigmund barely misses you.
You shoot an arrow. The arrow closely misses Sigmund.
Sigmund casts a spell at you. The puff of flame hits you!
You shoot an arrow.
The arrow hits Sigmund but does no damage.
Sigmund is severely wounded.
Sigmund points at you and mumbles some strange words.
You are confused.
Sigmund barely misses you. Sigmund barely misses you.
Sigmund barely misses you.
Sigmund hits you from afar with a +0 scythe!
You feel less confused.
Sigmund hits you from afar with a +0 scythe!
You die...
Sigmund begins carving another notch in his scythe.

##.#W#.#..#
#...#KK+..#
#$[.K.K+..#
$..#KK+..#
#.#:#.#..#
###.}K##..#
#.#####...#
#<........#
#@#########
#....@.....
###.#######
... #.# #.#
#.# #.#


You could see Sigmund.

Vanquished Creatures
  2 adders (D:2)
  3 orcs (D:3)
  3 endoplasms
  2 giant cockroaches (D:1)
  6 goblins
  8 hobgoblins
  3 quokkas
  7 ball pythons
  4 bats
  9 frilled lizards (D:1)
  4 kobolds
  5 rats
56 creatures vanquished.

Notes
Turn   | Place    | Note
-------+----------+-------------------------------------------
     0 | D:1      | qw the Gargoyle Hunter began the quest for the Orb.
     0 | D:1      | Reached XP level 1. HP: 12/12 MP: 1/1
     0 | D:1      | 0 ||| qw: Version: 0.3-a-74-g0d5e918
     0 | D:1      | 0 ||| qw: Game counter: 63
     0 | D:1      | 0 ||| qw: Melee chars always use a shield: true
     0 | D:1      | 0 ||| qw: God list: Okawaru
     0 | D:1      | 0 ||| qw: Allow faded altars: false
     0 | D:1      | 0 ||| qw: Do Orc after clearing Dungeon:15 true
     0 | D:1      | 0 ||| qw: Do second Lair branch before Depths: true
     0 | D:1      | 0 ||| qw: Lair rune preference: random
     0 | D:1      | 0 ||| qw: Goals: Normal
     0 | D:1      | 0 ||| PLANNING D:1-11
   100 | D:1      | Found a faded altar of an unknown god.
   184 | D:1      | Reached XP level 2. HP: 17/17 MP: 2/2
   422 | D:1      | Reached XP level 3. HP: 21/21 MP: 3/3
   456 | D:1      | Reached skill level 5 in Ranged Weapons
   682 | D:1      | 682 ||| UPGRADING to +0 helmet.
   687 | D:1      | 687 ||| UPGRADING to +0 ring mail.
   697 | D:1      | 697 ||| DROPPING +0 leather armour.
   698 | D:1      | 698 ||| UPGRADING to +0 pair of gloves.
   703 | D:1      | 703 ||| READING scroll labelled MUOME IPSU.
   719 | D:1      | 719 ||| READING scroll labelled NIUPIS LAOX.
   720 | D:1      | 720 ||| READING 3 scrolls labelled AHEEBO MUMILA.
   721 | D:1      | 721 ||| DRINKING 2 brown potions.
   722 | D:1      | 722 ||| READING 2 scrolls of identify.
   722 | D:1      | 722 ||| IDENTIFYING sedimented red potion
   723 | D:1      | 723 ||| DROPPING scroll of butterflies.
   737 | D:2      | 737 ||| STAIRDANCE
   906 | D:2      | Reached skill level 1 in Armour
  1038 | D:2      | Reached XP level 4. HP: 27/27 MP: 4/4
  1090 | D:2      | Reached skill level 3 in Fighting
  1368 | D:3      | Found a runed translucent gate.
  1368 | D:3      | Found a runed translucent gate.
  1368 | D:3      | Found a runed translucent gate.
  1369 | D:3      | Noticed qw's ghost (amateur GrHu)
  1371 | D:3      | Noticed a kobold brigand
  1460 | D:3      | Noticed Sigmund
  1482 | D:3      | HP: 3/28 [Sigmund/+0 scythe (8)]
  1484 | D:3      | Mangled by Sigmund

Levels and vault maps discovered:
D:1:      lemuel_arrival_tunnels, layout_loops_ring, basic_ecumenical_altar,
          minmay_lizard_pond
D:2:      layout_loops_cross, chequers_hall_statues_wall_a,
          chequers_serial_rivers_room_a, amethyst_killhole, minmay_statues_item
D:3:      layout_basic, slow_altar_1, nicolae_wu_jian_immortal_techniques,
          gammafunk_ghost_nasty_kobolds, kennysheep_another_room, uniq_grinder,
          uniq_ijyb, uniq_robin, uniq_sigmund, uniq_terence

Skill      XL: |  1  2  3  4 |
---------------+-------------+-----
Ranged Weapons | 5 |  5.1
Armour         | 1 |  1.4
Fighting       | 3 |  3.0
Dodging        | |  1.5
Stealth        | |  1.1

Action                     |  1- 3 |  4- 6 || total
---------------------------+-------+-------++-------
   Fire: Shortbow          |   120 |    38 ||   158
    Use: Scroll            |     4 |       ||     4
         Potion            |     1 |       ||     1
 Armour: Leather armour    |    12 |       ||    12
         Ring mail         |     6 |     6 ||    12
  Dodge: Dodged            |    27 |    17 ||    44

Table legend:
 A = Non-vault XP
 B = Vault XP
 C = Vault XP percentage of total XP
 D = Non-vault monster count
 E = Vault monster count
 F = Vault count percentage of total count
                 A         B        C        D         E       F
            +---------+---------+-------+---------+---------+-------
      Total |     106 |       8 |   7.0 |      48 |       8 |  14.3
            +---------+---------+-------+---------+---------+-------
        D:1 |      39 |       8 |  17.0 |      24 |       8 |  25.0
        D:2 |      58 |       0 |   0.0 |      21 |       0 |   0.0
        D:3 |       9 |       0 |   0.0 |       3 |       0 |   0.0
            +---------+---------+-------+---------+---------+-------
